 Dungeon Crawl Stone Soup version 0.30-a0-1163-gf69bf04e7a (webtiles) character file.

Game seed: 3743329272883039571

18 themarg the Caller (level 2, -1/19 HPs)
             Began as a Merfolk Summoner on Apr 29, 2023.
             Killed from afar by Jessica (20 damage)
             ... with a bolt of light
             ... on level 2 of the Dungeon.
             The game lasted 00:02:45 (952 turns).

themarg the Caller (Merfolk Summoner)                Turns: 952, Time: 00:02:46

Health: -1/19      AC:  4    Str:  8    XL:     2   Next: 66%
Magic:  1/5        EV: 12    Int: 14    God:
Gold:   36         SH:  0    Dex: 14    Spells: 2/5 levels left

rFire   . . .        e - +0 spear
rCold   + . .        (no shield)
rNeg    . . .        g - +2 robe {rC+}
rPois   .            (no helmet)
rElec   .            (no cloak)
rCorr   .            (no gloves)
SInv    .            (no boots)
Will    .....        (no amulet)
Stlth   ++           (no ring)
HPRegen 0.23/turn    (no ring)
MPRegen 0.09/turn

%: no passive effects
@: no status effects
A: (nimble swimmer 2), mertail
a: no special abilities


You were on level 2 of the Dungeon.
You visited 1 branch of the dungeon, and saw 2 of its levels.

You collected 36 gold pieces.

Inventory:

Hand Weapons
 c - a +0 dagger
 e - a +0 spear (weapon)
Missiles
 a - 8 stones
Armour
 g - a +2 robe of cold resistance (worn)
Scrolls
 f - a scroll of identify {unknown}
 h - a scroll of enchant armour {unknown}
Potions
 b - a potion of magic
 d - 2 potions of degeneration {unknown}
 i - a potion of mutation {unknown}
 j - a potion of flight {unknown}
 k - 2 potions of haste {unknown}
 l - a potion of lignification {unknown}


   Skills:
 - Level 2.6 Dodging
 - Level 2.1 Stealth
 - Level 2.0 Spellcasting
 + Level 4.7 Summonings


You had 2 spell levels left.
You knew the following spells:

 Your Spells              Type           Power      Damage    Failure   Level
a - Summon Small Mammal   Summ           56%        N/A       3%          1
b - Call Imp              Summ           28%        N/A       4%          2

Your spell library contained the following spells:

 Spells                   Type           Power      Damage    Failure   Level
 Call Canine Familiar     Summ           14%        N/A       10%         3
 Summon Guardian Golem    Hex/Summ       8%         N/A       26%         3
 Summon Lightning Spire   Summ/Air       8%         N/A       65%         4


Dungeon Overview and Level Annotations

Branches:
Dungeon (2/15)

Altars:


Innate Abilities, Weirdness & Mutations

((You are very nimble when in or above water. (Stealth+, EV+, Speed+++)))
Your lower body shifts to a powerful aquatic tail in water.


Message History

The frilled lizard bites you.
Your rat closely misses the kobold.
You barely miss the kobold.
The kobold is severely wounded.
Your cerulean imp hits the kobold with a -3 spear.
The kobold dies!
The frilled lizard bites you but does no damage.
Your rat bites the frilled lizard.
The frilled lizard dies!
Your rat disappears in a puff of smoke!
Your cerulean imp disappears in a puff of smoke!
Your rat disappears in a puff of smoke!
Magic restored.
HP restored.
a - 8 stones (gained 3)
Things that are here:
a +0 club; a kobold corpse A goblin comes into view.
It is wielding a +0 dagger.
A goblin is nearby!
A tiny devil pulls itself out of the air.
The goblin shouts!
Your bat barely misses the goblin.
The goblin hits your bat but does no damage.
Your bat closely misses the goblin.
Your cerulean imp closely misses the goblin.
The goblin hits your bat with a +0 dagger.
Your cerulean imp hits the goblin from afar with a -3 spear.
The goblin dies!
Your quokka barely resists.
Your quokka writhes in agony!
Your quokka dies!
Your quokka's corpse disappears in a puff of smoke!
You hear a zap.
A bolt of light appears from out of thin air!
The bolt of light hits your bat!
Your bat dies!
Your bat's corpse disappears in a puff of smoke!
Deactivating autopickup; reactivate with Ctrl-A.
The bolt of light hits you!!
Ouch! That really hurt!
You die...

##...... ......
#........ ......
#........ .....
#.......######...
#...#...........
#.#........# #.#
###.#........###.##+##
.....................###
.......##.###...@......#
..........# #...5§.....#
.....#.##.# ####.##{....
..†).#.##.# ..)# ....
.....#.#... ..... ...
..†..#.#.... ....... ..
###.##.#..... ....... .
#.##.#########.#..##
#.........


You could see a friendly cerulean imp (summoned).

Vanquished Creatures
  A bat (D:1)
  An endoplasm (D:1)
  2 jackals (D:1)
  2 kobolds (D:1)
6 creatures vanquished.

Vanquished Creatures (collateral kills)
  A bat (D:1)
  A goblin (D:2)
  2 hobgoblins
  2 kobolds
  A quokka (D:1)
  A frilled lizard (D:2)
  A rat (D:1)
9 creatures vanquished.

Grand Total: 15 creatures vanquished

Notes
Turn   | Place    | Note
-------+----------+-------------------------------------------
     0 | D:1      | themarg the Merfolk Summoner began the quest for the Orb.
     0 | D:1      | Reached XP level 1. HP: 13/13 MP: 3/3
   211 | D:1      | Reached XP level 2. HP: 17/19 MP: 1/5
   435 | D:1      | Learned a level 2 spell: Call Imp
   493 | D:1      | Found a faded altar of an unknown god.
   952 | D:2      | Killed from afar by Jessica

Illustrated notes

Levels and vault maps discovered:
D:1:      saegor_arrival_simple_c, layout_loops_ring,
          chequers_ecumenical_altar_simple, hangedman_decor_clover_reticule,
          moated_statue, moated_statue
D:2:      layout_basic, serial_shops, shop_statue,
          chequers_serial_rivers_micro_e, minmay_rat_gold_closets, uniq_jessica

Action                     || total
---------------------------++-------
  Melee: Dagger            ||     2
         Unarmed           ||     1
         Spear             ||    26
         Punch             ||     1
   Cast: Summon Small Mamm ||    19
         Call Imp          ||     2
 Armour: Robe              ||    11
  Dodge: Dodged            ||    11

Table legend: (Time is in decaauts)
 A = Elapsed time spent in this place.
 B = Non-inter-level travel time spent in this place.
 C = Inter-level travel time spent in this place.
 D = Time resting spent in this place.
 E = Time spent auto-exploring this place.
 F = Levels seen in this place.
 G = Mean time per level.
                   A        B        C        D        E       F      G
               +--------+--------+--------+--------+--------+-----+--------+
         Total |    952 |    924 |     28 |      0 |    740 |   2 |  476.0 |
       Dungeon |    952 |    924 |     28 |      0 |    740 |   2 |  476.0 |
               +--------+--------+--------+--------+--------+-----+--------+

Top non-repeatable levels by time:
     D:1: 782 daAuts
     D:2: 170 daAuts
